 Dungeon Crawl Stone Soup version 0.30.1-11-g7821555f0a (webtiles) character file.

Game seed: 13918166363957766612

311 Okkudo the Cleaver (level 6, -2/52 HPs)
             Began as a Hill Orc Monk on Dec 2, 2023.
             Slain by Duvessa
             ... wielding a +0 short sword
              (7 damage)
             ... on level 4 of the Dungeon.
             The game lasted 00:10:01 (3257 turns).

Okkudo the Cleaver (Hill Orc Monk)                  Turns: 3257, Time: 00:10:01

Health: -2/52      AC: 11    Str: 16    XL:     6   Next: 42%
Magic:  6/6        EV:  8    Int: 10    God:
Gold:   142        SH:  0    Dex: 13    Spells: 5/5 levels left

rFire   . . .        j - +0 war axe
rCold   . . .        d - orb {light}
rNeg    . . .        e - +0 chain mail
rPois   .            i - +2 hat
rElec   .            (no cloak)
rCorr   .            (no gloves)
SInv    .            q - +0 pair of boots
Will    .....        (no amulet) Stlth
                     (no ring)
HPRegen 0.28/turn    (no ring)
MPRegen 0.10/turn

%: no passive effects
@: glowing
A: no striking features
a: no special abilities


You were on level 4 of the Dungeon.
You visited 1 branch of the dungeon, and saw 4 of its levels.

You collected 142 gold pieces.

Inventory:

Hand Weapons
 j - a +0 war axe (weapon)
Missiles
 g - 17 poisoned darts (quivered)
Armour
 d - an orb of light (worn)
 e - a +0 chain mail (worn)
 i - a +2 hat (worn)
 q - a +0 pair of boots (worn)
Wands
 h - a wand of roots (7)
 s - a wand of paralysis (8)
Scrolls
 a - 2 scrolls of fear {unknown}
 f - a scroll of magic mapping {unknown}
 k - a scroll of teleportation {unknown}
 l - a scroll of acquirement {unknown}
 o - a scroll of enchant weapon {unknown}
 r - 2 scrolls of blinking {unknown}
 v - a scroll of identify {unknown}
Potions
 b - a potion of flight {unknown}
 c - 2 potions of ambrosia
 m - a potion of curing {unknown}
 n - a potion of degeneration {unknown}
 p - a potion of berserk rage {unknown}
 t - a potion of magic {unknown}
 u - a potion of attraction {unknown}


   Skills:
 - Level 4.1 Fighting
 * Level 8.7 Axes
 - Level 2.7 Dodging


You had 5 spell levels left.
You didn't know any spells.
Your spell library contained the following spells:

 Spells                   Type           Power      Damage    Failure   Level
 Poisonous Vapours        Pois/Air       0%         N/A       100%        2
 Mephitic Cloud           Conj/Pois/Air  0%         N/A       100%        3
 Freezing Cloud           Conj/Ice/Air   0%         6-21      100%        5


Dungeon Overview and Level Annotations

Branches:
Dungeon (4/15)
 Temple: D:4-7

Altars:
Ashenzari
Qazlal
Ru

Annotations:
D:4 1 runed translucent door, Crazy Yiuf, Dowan, Duvessa


Message History

Dowan looks more healthy.
You hit Duvessa.
Duvessa is lightly wounded.
Duvessa hits you with a +0 short sword! Duvessa barely misses you.
You closely miss Dowan.
Dowan is moderately wounded.
You completely miss Duvessa. Duvessa hits you with a +0 short sword.
Dowan mumbles some strange words.
Dowan blinks!
Duvessa hits you with a +0 short sword!
Duvessa zaps a wand.
The puff of flame hits you but does no damage.
You barely miss Dowan.
Dowan is moderately wounded.
Duvessa zaps a wand.
The puff of flame hits you but does no damage.
Duvessa zaps a wand.
The puff of flame hits you but does no damage.
Dowan hits you but does no damage.
You barely miss Dowan.
Dowan is moderately wounded.
Dowan hits you but does no damage.
Duvessa zaps a wand.
The puff of flame hits you.
* * * LOW HITPOINT WARNING * * *
You hit Dowan but do no damage.
Dowan is moderately wounded.
You hit Duvessa. Duvessa hits you with a +0 short sword.
* * * LOW HITPOINT WARNING * * *
Dowan hits you but does no damage.
You barely miss Dowan.
Dowan is moderately wounded.
You hit Duvessa.
Duvessa zaps a wand.
The puff of flame hits you.
* * * LOW HITPOINT WARNING * * *
Dowan hits you but does no damage.
Duvessa zaps a wand.
The puff of flame hits you.
* * * LOW HITPOINT WARNING * * *
You hit Dowan.
Dowan is heavily wounded.
You hit Duvessa but do no damage. Duvessa hits you with a +0 short sword!
You die...

~~.
##.........#### ยง
#..............
#.#............
#.#.........>..
###..#.....(......
.......e..(......
#..###.#.e###....
#.####.#.## ...
#..e@e...# ..
#..#...###
####.### ###


You could see Duvessa (fast) and Dowan.

Vanquished Creatures
  A black bear (D:4)
  A scorpion (D:4)
  A sleepcap (D:3)
  2 adders
  3 worms (D:2)
  A dart slug (D:3)
  4 orcs
  6 ball pythons
  9 bats
  6 endoplasms
  5 giant cockroaches
  10 goblins
  7 hobgoblins
  8 jackals (D:3)
  8 kobolds
  4 quokkas
  3 frilled lizards
  4 rats
83 creatures vanquished.

Notes
Turn   | Place    | Note
-------+----------+-------------------------------------------
     0 | D:1      | Okkudo the Hill Orc Monk began the quest for the Orb.
     0 | D:1      | Reached XP level 1. HP: 19/19 MP: 1/1
   133 | D:1      | Reached XP level 2. HP: 24/27 MP: 2/2
   474 | D:1      | Reached XP level 3. HP: 32/33 MP: 3/3
   786 | D:1      | You fall into a shaft and drop 1 floor!
  1296 | D:2      | Reached skill level 5 in Axes
  1420 | D:2      | Reached XP level 4. HP: 40/40 MP: 4/4
  2113 | D:3      | Reached skill level 6 in Axes
  2431 | D:3      | Reached XP level 5. HP: 42/45 MP: 5/5
  2468 | D:3      | Found a stormy altar of Qazlal.
  2468 | D:3      | Found a broken altar of Ashenzari.
  2472 | D:3      | Found a sacrificial altar of Ru.
  2755 | D:3      | Reached skill level 7 in Axes
  2926 | D:4      | Noticed a black bear
  2938 | D:4      | Killed a black bear
  2939 | D:4      | Reached skill level 8 in Axes
  2939 | D:4      | Reached XP level 6. HP: 28/52 MP: 6/6
  3178 | D:4      | Found a runed translucent door.
  3179 | D:4      | Noticed Crazy Yiuf
  3235 | D:4      | Noticed Dowan
  3236 | D:4      | Noticed Duvessa
  3257 | D:4      | Slain by Duvessa

Illustrated notes

Levels and vault maps discovered:
D:1:      minmay_arrival_diagonal_passages, layout_basic, serial_forest,
          infiniplex_forest_clump_long, infiniplex_forest_straight_2,
          infiniplex_forest_split, infiniplex_forest_end_1
D:2:      layout_loops_ring
D:3:      minmay_razor_zed, layout_basic, grunt_temple_overflow_open,
          dk_vineyard_2, minmay_starry_boxes
D:4:      layout_rooms, minmay_temple_entry_mist, ebering_ghost_disaster_area,
          uniq_crazy_yiuf_cottage, uniq_duvessa, uniq_natasha

Skill      XL: |  1  2  3  4  5 |
---------------+----------------+-----
Fighting       | 4 |  4.1
Axes           | 5 6 8 |  8.7
Dodging        | |  2.7

Action                     |  1- 3 |  4- 6 || total
---------------------------+-------+-------++-------
  Melee: Hand axe          |   111 |       ||   111
         War axe           |    10 |   122 ||   132
  Throw: Dart              |       |     2 ||     2
 Armour: Chain mail        |    56 |    85 ||   141
         Robe              |     2 |       ||     2
  Dodge: Dodged            |    43 |    67 ||   110
